 Dungeon Crawl Stone Soup version 0.28-b1-25-g9875b3fc8c (webtiles) character file.

Game seed: 10733072136548589297

13 Descartes the Covered (level 2, -1/15 HPs)
             Began as a Deep Elf Wanderer on Feb 2, 2022.
             Was a Follower of Fedhas.
             Slain by a jackal (3 damage)
             ... on level 1 of the Dungeon.
             The game lasted 00:01:37 (549 turns).

Descartes the Covered (Deep Elf Wanderer)            Turns: 549, Time: 00:01:37

Health: -1/15      AC:  5    Str: 12    XL:     2   Next: 24%
Magic:  6/6        EV: 10    Int: 14    God:    Fedhas [*.....]
Gold:   24         SH:  0    Dex: 13    Spells: 3/4 levels left

rFire   . . .      SeeInvis .   a - +0 war axe
rCold   . . .      Faith    .   (no shield)
rNeg    . . .      Spirit   .   b - +0 ring mail
rPois   .          Reflect  .   (no helmet)
rElec   .          Harm     .   (no cloak)
rCorr   .          Rampage  .   (no gloves)
Will    .....                   (no boots)
Stlth   +.........              (no amulet)
HPRegen 0.05/turn               (no ring)
MPRegen 0.10/turn               (no ring)

@: no status effects
A: no striking features
a: Renounce Religion


You were on level 1 of the Dungeon.
You worshipped Fedhas.
Fedhas was aware of your devotion.
You visited 1 branch of the dungeon, and saw 1 of its levels.

You collected 24 gold pieces.

Inventory:

Hand Weapons
 a - a +0 war axe (weapon)
Missiles
 f - 23 stones
Armour
 b - a +0 ring mail (worn)
Scrolls
 c - a scroll of vulnerability {unknown}
 d - a scroll of noise {unknown}
 e - a scroll of blinking {unknown}
 i - a scroll of immolation {unknown}
Potions
 g - 2 potions of berserk rage {unknown}
 h - a potion of heal wounds {unknown}


   Skills:
 - Level 1.5 Axes
 - Level 3.2 Armour
 - Level 1.2 Dodging
 - Level 1.9 Spellcasting
 - Level 2.9 Ice Magic
 + Level 0.8 Invocations


You had 3 spell levels left.
You knew the following spells:

 Your Spells              Type           Power      Damage    Failure   Level
a - Freeze                Ice            36%        1d6       16%         1

Your spell library contained the following spells:

 Spells                   Type           Power      Damage    Failure   Level
 Frozen Ramparts          Ice            18%        1d3       41%         3


Dungeon Overview and Level Annotations

Branches:
Dungeon (1/15)

Altars:
Fedhas


Message History

The jackal is moderately wounded.
The jackal closely misses you.
The jackal bites you but does no damage.
The jackal closely misses you. x2
The jackal bites you but does no damage.
The jackal barely misses you.
The jackal bites you but does no damage.
You barely miss the jackal.
The jackal is moderately wounded.
The jackal bites you. The jackal barely misses you.
You barely miss the jackal.
The jackal is moderately wounded.
The jackal barely misses you.
The jackal bites you but does no damage.
You miss the jackal.
The jackal is moderately wounded.
The jackal bites you. x2
You hit the jackal but do no damage.
The jackal is moderately wounded.
The jackal barely misses you. The jackal misses you. The jackal bites you.
* * * LOW HITPOINT WARNING * * *
You closely miss the jackal.
The jackal is moderately wounded.
The jackal closely misses you.
The jackal bites you but does no damage.
You hit the jackal but do no damage.
The jackal is moderately wounded.
The jackal bites you.
* * * LOW HITPOINT WARNING * * *
The jackal closely misses you.
You hit the jackal.
You kill the jackal!
Fedhas appreciates your contribution to the ecosystem.
The jackal bites you but does no damage.
You barely miss the jackal.
The jackal bites you but does no damage.
The jackal closely misses you.
You closely miss the jackal. The jackal bites you.
You die...
Fedhas appreciates your contribution to the ecosystem.

... #.# ## #.# ## ..#.. ..
#.#.# .# # #.#.##..#.#
###.#.......... ...#.#@#
..# #.#.#h##..#.#
#...........# #..†.........
#.#.#.#..##.#
##.#####.#.#.#..##. #
..................######
#.##..####.#.####.###.....#
#.#........#.# #.# #.....#


You could see a jackal.

Vanquished Creatures
  A bat (D:1)
  An endoplasm (D:1)
  A giant cockroach (D:1)
  A goblin (D:1)
  A hobgoblin (D:1)
  3 jackals (D:1)
  A ball python (D:1)
  A frilled lizard (D:1)
  A kobold (D:1)
11 creatures vanquished.

Vanquished Creatures (others)
  3 fungi (D:1)
  A plant (D:1)
4 creatures vanquished.

Grand Total: 15 creatures vanquished

Notes
Turn   | Place    | Note
-------+----------+-------------------------------------------
     0 | D:1      | Descartes the Deep Elf Wanderer began the quest for the
                  | Orb.
     0 | D:1      | Descartes set off with the following items: a +0 war axe, a
                  | +0 ring mail; and the following spell memorised: Freeze;
                  | and the following spells available to memorise: Frozen
                  | Ramparts
     0 | D:1      | Reached XP level 1. HP: 10/10 MP: 5/5
   360 | D:1      | Found a faded altar of an unknown god.
   372 | D:1      | Prayed at the altar of an unknown god.
   372 | D:1      | Became a worshipper of Fedhas Madash
   372 | D:1      | Reached * piety under Fedhas
   378 | D:1      | Reached XP level 2. HP: 15/15 MP: 6/6
   549 | D:1      | Slain by a jackal

Illustrated notes

Levels and vault maps discovered:
D:1:      scummos_arrival_simple_fountains, layout_basic,
          dreamdust_ecumenical_altar_grove, minivault_25

Action                   || total
-------------------------++-------
Melee: War axe           ||    34
       Punch             ||     1
Armor: Ring mail         ||    18
Dodge: Dodged            ||    32
